 Dungeon Crawl Stone Soup version 0.15.1-3-g1b33baa (webtiles) character file.

242 Johnny the Chiller (level 5, -2/41 HPs)
             Began as a Demigod Ice Elementalist on Oct 12, 2014.
             Killed by divine providence
             ... invoked by an orc priest
              (11 damage)
             ... on Level 3 of the Dungeon.
             The game lasted 00:05:25 (2903 turns).

Johnny the Chiller (Demigod Ice Elementalist)       Turns: 2903, Time: 00:05:25

HP  -2/41        AC  5     Str 11      XL: 5   Next: 51%
MP   1/13        EV  9     Int 20      God:
Gold 92          SH  0     Dex 18      Spells:  2 memorised,  4 levels left

rFire  . . .     SeeInvis .     f - +0 dagger
rCold  . . .     Clarity  .     d - +0 ring mail
rNeg   . . .     rCorr    .     (no shield)
rPois  .         rRot     .     (no helmet)
rElec  .         Spirit   .     (no cloak)
SustAb .         Warding  .     (no gloves)
rMut   .         Stasis   .     (no boots)
Gourm  .                        (no amulet)
MR     .....                    (no ring)
                                (no ring)

@: confused, very slightly contaminated, not resistant to hostile enchantments,
extremely unstealthy
A: no striking features
a: no special abilities


You were on level 3 of the Dungeon.
You were very hungry.

You visited 1 branch of the dungeon, and saw 3 of its levels.

You collected 92 gold pieces.

Inventory:

Hand weapons
 f - a +0 dagger (weapon)
Armour
 a - a +0 robe
 d - a +0 ring mail (worn)
Magical devices
 q - a wand of random effects (8)
Comestibles
 c - a bread ration
 i - 2 meat rations
 r - 3 rotting chunks of rat flesh
 s - 2 rotting chunks of rat flesh
 t - a slice of pizza
Scrolls
 j - a scroll of noise {unknown}
 k - 2 scrolls of enchant weapon {unknown}
 n - 3 scrolls of identify {unknown}
 o - a scroll of teleportation
 p - a scroll of fear {unknown}
Potions
 e - a potion of cancellation {unknown}
 g - a potion of might {unknown}
 h - 3 potions of agility
 l - a potion of resistance {unknown}
 m - a potion of confusion
 u - a potion of heal wounds {unknown}
 v - a potion of curing {unknown}
Books
 b - a book of Frost

   Spells                             Type                      Level
   *Freeze                            Ice                          1
   Throw Frost                        Conjuration/Ice              2
   Ozocubu's Armour                   Charms/Ice                   3
   Throw Icicle                       Conjuration/Ice              4
   *Summon Ice Beast                  Ice/Summoning                4
   Condensation Shield                Ice                          4


   Skills:
 * Level 2.1 Fighting
 + Level 1.1 Armour
 + Level 2.4 Dodging
 + Level 2.6 Stealth
 * Level 2.9 Spellcasting
   Level 0.8 Conjurations
 * Level 0.3 Summonings
 * Level 3.5 Ice Magic
 + Level 0.4 Evocations


You had 4 spell levels left.
You knew the following spells:

 Your Spells              Type           Power        Failure   Level  Hunger
a - Freeze                Ice            ###.         8%          1    None
b - Summon Ice Beast      Ice/Summ       ##......     91%         4    ####...


Dungeon Overview and Level Annotations

Branches:
Dungeon (3/15)


Message History

You feel that this wand is rather unreliable.
q - a wand of random effects {zapped: 1} The bat barely misses you.
The bat closely misses you.
Unknown command.
Evoke which item? (* to show all) (? for menu, Esc to quit)
Zapping:
q - a wand of random effects {zapped: 1}
Press: ? - help, Shift-Dir - straight line, f/p - orc priest
Aim: an orc priest, wielding a runed whip and wearing a leather armour (fast)
The bat seems to speed up.
The bat closely misses you. The bat hits you but does no damage.
The orc priest mumbles some strange prayers to Beogh against you.
Something smites you!
* * * LOW HITPOINT WARNING * * *
Unknown command.
Drink which item? (? for menu, Esc to quit)
You are confused.
It was a potion of confusion.
The bat closely misses you.
The orc priest mumbles some strange prayers to Beogh against you.
Something smites you!
You die...

....#o..##.# ....o.o..# #o#
#........# #.# #........
#o# #....... #.## ##..).
... #..### ##..# ...#
##b..# #...#
.....######)#######
..#.###.........@..b.......
.................o........
###.#...#....#..#####.####
#.....###........## ..#
.......##.........# ...
#.....###...#....## #
#....#......##..##
....##.##...##..######
.......................


You could see an orc priest and a bat.

Vanquished Creatures
  Sigmund (D:2)
  A scorpion (D:3)
  5 adders (D:2)
  A giant mite (D:2)
  2 giant geckos (D:1)
  An ooze (D:1)
  An orc (D:3)
  8 goblins
  3 hobgoblins
  7 kobolds
  2 ball pythons
  4 bats
  4 giant cockroaches
  A giant newt (D:1)
  40 rats
81 creatures vanquished.

Notes
Turn   | Place    | Note
--------------------------------------------------------------
     0 | D:1      | Johnny, the Demigod Ice Elementalist, began the quest for the Orb.
     0 | D:1      | Reached XP level 1. HP: 14/14 MP: 3/3
   391 | D:1      | Reached XP level 2. HP: 18/20 MP: 5/5
  1112 | D:2      | Reached XP level 3. HP: 24/27 MP: 4/8
  1332 | D:2      | Noticed Sigmund
  1381 | D:2      | Reached skill level 3 in Ice Magic
  1498 | D:2      | Reached skill level 1 in Fighting
  1738 | D:2      | Reached XP level 4. HP: 28/35 MP: 6/11
  1746 | D:2      | Learned a level 4 spell: Summon Ice Beast
  2531 | D:2      | Killed Sigmund
  2531 | D:2      | Reached skill level 1 in Armour
  2531 | D:2      | Reached XP level 5. HP: 23/41 MP: 4/13
  2903 | D:3      | Killed from afar by an orc priest

Action                   |  1- 3 |  4- 6 || total
-------------------------+-------+-------++-------
Melee: Dagger            |    93 |    67 ||   160
       Unarmed           |     2 |       ||     2
 Cast: Freeze            |    47 |    32 ||    79
Evoke: Wand              |       |     2 ||     2
  Use: Scroll            |     2 |       ||     2
       Potion            |       |     1 ||     1
 Stab: Sleeping          |     1 |       ||     1
  Eat: Chunk             |     2 |     4 ||     6
